Map: [ESL] NeoHumanity

Players

Solar - Winner!

  • Race: Zerg Zerg
  • Spawn Location: 5:00

Dark

  • Race: Zerg Zerg
  • Spawn Location: 11:00

Event: ESL SC2 Masters 2023 Summer (Finals)

VOD

Have the link to the VOD?

Description

Time

  • Played on: June 18, 2023, 6:03 a.m.
  • Length: 9:01

All games in this series

Show
View Real Time Build Order
Export as new Build Order

Solar Zerg - Winner!

Build Orders: Pool First 

Get SALT Encoding   

  12  0:17  Spawning Pool  
  11  0:22  Drone  
  11  0:25  Drone  
  13  0:30  Drone  
  14  0:39  Overlord  
  14  1:04  Zergling x4  
  14  1:05  Zergling x2  
  17  1:16  Zergling x2  
  17  1:18  Hatchery  
  17  1:26  Zergling x2  
  18  1:33  Queen  
  18  1:39  Drone  
  21  1:47  Overlord  
  21  1:59  Drone  
  22  2:09  Queen  
  22  2:10  Drone  
  25  2:21  Drone  
  21  2:30  Queen  
  21  2:31  Drone x2  
  21  2:32  Extractor  
  24  2:41  Zergling x2  
  24  2:43  Zergling x2  
  28  2:44  Drone x2  
  28  2:53  Drone  
  28  2:56  Drone  
  30  3:03  Overlord  
  30  3:10  Drone  
  31  3:14  Drone x3  
  31  3:17  Drone x2  
  36  3:22  Drone x2  
  38  3:29  Overlord, Evolution Chamber  
  38  3:30  Drone  
  38  3:38  Drone  
  39  3:42  Drone x3  
  39  3:46  Drone  
  43  3:49  Lair  
  43  3:55  Roach Warren  
  42  3:57  Drone  
  42  4:01  Drone x2  
  42  4:02  Drone  
  45  4:04  Extractor  
  45  4:05  Extractor  
  45  4:07  Overlord  
  43  4:10  Drone  
  43  4:11  Drone  
  43  4:15  Drone x2  
  43  4:17  Drone  
  48  4:23  Zerg Missile Weapons Level 1  
  48  4:24  Drone x2  
  50  4:32  Overlord  
  50  4:36  Roach x2  
  54  4:49  Hatchery  
  54  4:51  Glial Reconstitution  
  54  4:52  Overseer  
  53  4:55  Roach  
  57  5:00  Roach  
  57  5:01  Overlord  
  57  5:05  Roach x2  
  61  5:11  Unknown  
  61  5:12  Drone x3  
  63  5:16  Roach x2  
  63  5:17  Overlord  
  63  5:19  Overlord  
  69  5:21  Roach  
  69  5:24  Roach  
  71  5:29  Roach x2  
  71  5:33  Overlord  
  75  5:38  Roach x2  
  75  5:41  Drone x3  
  82  5:44  Drone  
  83  5:52  Spire, Drone  
  83  5:55  Extractor, Drone  
  83  5:56  Drone  
  84  5:57  Drone  
  84  6:00  Drone  
  84  6:01  Drone  
  84  6:04  Roach  
  89  6:08  Overlord  
  89  6:10  Roach  
  91  6:15  Overlord  
  91  6:19  Drone x2  
  91  6:20  Drone  
  91  6:22  Drone x2  
  91  6:23  Drone  
  97  6:26  Overlord  
  97  6:30  Drone  
  97  6:31  Roach x2  
  97  6:32  Drone  
  103  6:38  Roach  
  105  6:43  Roach x2  
  105  6:44  Drone x2  
  111  6:48  Overlord  
  111  6:52  Overlord  
  111  7:02  Overlord  
  111  7:06  Mutalisk x4  
  119  7:11  Mutalisk  
  119  7:12  Mutalisk x3  
  127  7:16  Mutalisk  
  127  7:22  Hatchery  
  128  7:23  Overlord  
  128  7:26  Roach  
  128  7:29  Overlord  
  130  7:30  Roach x3  
  130  7:31  Ravager  
  130  7:34  Overlord  
  137  7:40  Overlord  
  137  7:42  Roach x3  
  137  7:43  Ravager x2  
  145  7:45  Overlord  
  145  7:50  Overlord  
  145  7:53  Overseer x2  
  145  7:56  Roach x4  
  153  8:00  Roach x2  
  153  8:02  Ravager  
  153  8:05  Roach x2  
  160  8:07  Roach  
  160  8:09  Roach  
  160  8:10  Roach  
  164  8:17  Roach x2  
  152  8:20  Roach x2  
  152  8:25  Roach x2  
  141  8:27  Roach  
  141  8:31  Roach  
  141  8:34  Roach  
  131  8:37  Roach x2  
  135  8:41  Roach x2  
  135  8:44  Overseer  
  139  8:54  Ravager  
Show
View Real Time Build Order
Export as new Build Order

Dark Zerg 

Build Orders: Hatch First 

Get SALT Encoding   

  12  0:00  Drone  
  13  0:12  Overlord  
  13  0:25  Drone  
  14  0:30  Drone x2  
  16  0:48  Hatchery  
  15  0:52  Drone  
  15  0:55  Drone  
  17  0:59  Drone  
  18  1:09  Extractor  
  17  1:14  Spawning Pool  
  17  1:16  Drone  
  17  1:19  Drone  
  18  1:30  Drone  
  19  2:01  Queen x2, Zergling x4  
  19  2:02  Zergling x4  
  27  2:12  Zergling x2  
  28  2:16  Overlord  
  28  2:28  Drone  
  25  2:34  Overlord  
  25  2:36  Drone  
  26  2:40  Drone  
  27  2:44  Drone  
  27  2:50  Drone  
  29  3:04  Drone x2  
  31  3:07  Drone  
  31  3:10  Drone x3  
  31  3:11  Drone x2  
  37  3:18  Overlord  
  37  3:19  Drone x2  
  39  3:21  Drone  
  40  3:28  Queen  
  40  3:32  Overlord  
  42  3:35  Drone  
  43  3:41  Drone  
  43  3:42  Drone  
  43  3:46  Evolution Chamber  
  43  3:47  Drone x2  
  43  3:48  Drone  
  47  3:49  Drone  
  47  3:51  Drone  
  49  3:56  Lair  
  49  3:58  Extractor  
  49  3:59  Extractor  
  49  4:01  Drone x2  
  49  4:04  Drone  
  50  4:11  Drone, Roach Warren  
  50  4:12  Drone  
  51  4:20  Zerg Missile Weapons Level 1, Drone  
  52  4:25  Drone  
  53  4:32  Hatchery  
  53  4:33  Overlord  
  53  4:35  Overlord  
  52  4:51  Drone x4  
  52  4:52  Roach x2  
  60  4:54  Glial Reconstitution  
  60  4:55  Drone x3  
  60  4:58  Extractor  
  60  4:59  Roach  
  64  5:02  Roach  
  64  5:03  Roach  
  64  5:06  Roach  
  70  5:08  Drone  
  70  5:09  Overseer  
  71  5:16  Roach x2  
  75  5:24  Overlord  
  75  5:25  Overlord  
  75  5:32  Overlord  
  75  5:37  Overlord  
  75  5:40  Overlord  
  75  5:42  Overlord  
  75  5:44  Roach  
  75  5:45  Roach x3  
  83  5:56  Drone  
  83  5:57  Drone x2  
  86  6:05  Roach x4  
  86  6:06  Roach x4  
  102  6:11  Roach  
  102  6:13  Zerg Missile Weapons Level 2  
  104  6:21  Tunneling Claws  
  104  6:22  Burrow  
  110  6:25  Roach x3  
  110  6:29  Roach x2  
  114  6:34  Drone x3  
  118  6:40  Drone x2  
  118  6:41  Roach x3  
  118  6:46  Overlord  
  125  6:49  Drone x2  
  125  6:50  Ravager x2  
  125  6:51  Extractor, Ravager  
  125  6:53  Drone  
  125  6:54  Overlord  
  130  6:57  Overlord  
  130  7:03  Overlord  
  130  7:05  Extractor  
  130  7:07  Roach x4  
  137  7:10  Overlord  
  137  7:13  Roach x2  
  137  7:14  Roach  
  143  7:16  Drone  
  143  7:18  Drone  
  143  7:19  Drone x2  
  147  7:27  Roach  
  147  7:28  Roach x2  
  153  7:33  Drone  
  153  7:36  Drone x2  
  156  7:40  Drone x2  
  157  7:45  Roach x5  
  157  7:48  Spore Crawler  
  157  7:49  Roach x34, Spore Crawler x2  
  162  8:03  Queen, Infestation Pit  
  162  8:05  Spore Crawler  
  160  8:08  Queen  
  160  8:09  Queen  
  157  8:16  Roach  
  135  8:21  Roach  
  135  8:22  Roach x5  
  121  8:31  Roach x2, Spore Crawler  
  103  8:34  Roach  
  103  8:36  Roach x3  
  103  8:40  Roach  
  100  8:42  Roach  
Tags
 
Add a new tag
Caveats
  • Supply blocks, unpowered buildings, or Contaminate may cause inaccurate times.
  • Supply counts are checked every 10 seconds.